 Dungeon Crawl Stone Soup version 0.22-a0-396-g3f858e3 (webtiles) character file.

408 Borgoz the Cudgeler (level 6, -5/40 HPs)
             Began as a Gargoyle Gladiator on May 3, 2018.
             Slain by Blork the orc
             ... wielding a +0 flail
              (10 damage)
             ... on level 5 of the Dungeon.
             The game lasted 00:08:05 (5160 turns).

Borgoz the Cudgeler (Gargoyle Gladiator)            Turns: 5160, Time: 00:08:07

Health: -5/40      AC:  8    Str: 17    XL:     6   Next: 88%
Magic:  15/15      EV: 18    Int:  9    God:
Gold:   142        SH:  0    Dex: 18    Spells: 5/5 levels left

rFire    . . .     SeeInvis .   a - +1 flail
rCold    . . .     Gourm    .   (no shield)
rNeg     + . .     Faith    .   b - +0 leather armour
rPois    ∞         Spirit   .   c - +0 helmet
rElec    +         Reflect  .   (no cloak)
rCorr    .         Harm     .   (no gloves)
MR       .....                  (no boots)
Stlth    ++........             (no amulet)
HPRegen  0.13/turn              (no ring)
MPRegen  0.14/turn              h - ring of magical power

@: agile
A: negative energy resistance 1, electricity resistance, unbreathing,
petrification resistance, rot immunity, AC +4
a: no special abilities


You were on level 5 of the Dungeon.
You were near starving.

You visited 2 branches of the dungeon, and saw 6 of its levels.

You collected 142 gold pieces.

Inventory:

Hand Weapons
 a - a +1 flail (weapon)
Missiles
 d - 4 throwing nets (quivered)
Armour
 b - a +0 leather armour (worn)
 c - a +0 helmet (worn)
Jewellery
 h - a ring of magical power (right hand)
Wands
 n - a wand of paralysis (5)
 o - a wand of polymorph (12)
 s - a wand of random effects (19)
Scrolls
 q - 2 scrolls of enchant weapon
 r - a scroll of amnesia
Potions
 e - a potion of curing
 i - 2 potions of flight
 k - a potion of haste {unknown}
 l - a potion of mutation
 p - a potion of magic {unknown}
Comestibles
 f - 6 rations


   Skills:
 * Level 4.8 Fighting
 * Level 4.9 Maces & Flails
 - Level 1.7 Throwing
 + Level 2.6 Armour
 + Level 3.3 Dodging


You had 5 spell levels left.
You didn't know any spells.

Dungeon Overview and Level Annotations

Branches:
Dungeon (5/15)             Temple (1/1) D:4

Altars:
Ashenzari
Cheibriados
Dithmenos
Elyvilon
Gozag
Kikubaaqudgha
Makhleb
Nemelex Xobeh
Okawaru
Qazlal
Sif Muna
Trog
Uskayaw
Vehumet
Wu Jian
Yredelemnul
The Shining One

Annotations:
D:5 Blork the orc; CasualChangeling's ghost, amateur MiFi


Innate Abilities, Weirdness & Mutations

You are resistant to torment.
Your stone body is resilient. (AC +4)
You are immune to poison.
You resist negative energy. (rN+)
You are resistant to electric shocks. (rElec)
You can survive without breathing.
You are immune to petrification.
You are immune to rotting.


Message History

You completely miss Blork the orc.
Blork the orc is severely wounded.
Blork the orc closely misses you.
You feel better. Blork the orc hits you with a flail.
* * * LOW HITPOINT WARNING * * *
You sock Blork the orc!
Blork the orc is almost dead.
Blork the orc hits you with a flail.
* * * LOW HITPOINT WARNING * * *
Blork the orc closely misses you.
You hit Blork the orc but do no damage.
Blork the orc is almost dead.
Blork the orc completely misses you.
You barely miss Blork the orc.
Blork the orc is almost dead.
Blork the orc casts a spell at you. The puff of frost hits you!
* * * LOW HITPOINT WARNING * * *
Blork the orc hits you with a flail!
You die...

# . # #####.. #
....... # .......
# #######.......
# #.............
. #.....=.......
. #.............
# #...@.........
.
.......o>........
#................
####.....<#######
#......# #......#
#......# ########


You could see Blork the orc.

Vanquished Creatures
  A centaur (D:3)
  A jelly (D:5)
  An orc priest (D:3)
  Natasha (thrice) (D:2)
  A worker ant (D:4)
  A worker ant zombie (D:4)
  Robin (D:3)
  A gnoll (D:1)
  3 adders
  A worm (D:2)
  13 orcs
  2 giant cockroaches
  8 hobgoblins
  7 jackals (D:3)
  11 kobolds
  A quokka (D:3)
  A ball python (D:3)
  8 bats
  5 frilled lizards
  21 goblins
  A quokka skeleton (D:4)
  6 rats
98 creatures vanquished.

Notes
Turn   | Place    | Note
-------+----------+-------------------------------------------
     0 | D:1      | Borgoz the Gargoyle Gladiator began the quest for the Orb.
     0 | D:1      | Reached XP level 1. HP: 12/12 MP: 1/1
    19 | D:1      | Reached XP level 2. HP: 18/18 MP: 2/2
   163 | D:1      | Reached XP level 3. HP: 19/22 MP: 3/3
   499 | D:2      | Reached skill level 1 in Armour
   707 | D:2      | Found a basalt altar of Yredelemnul.
   707 | D:2      | Found a deep blue altar of Sif Muna.
   712 | D:2      | Found a white marble altar of Elyvilon.
   714 | D:2      | Found a hide-covered altar of Uskayaw.
   716 | D:2      | Found a faded altar of an unknown god.
  1083 | D:2      | Noticed Natasha
  1087 | D:2      | Killed Natasha
  1087 | D:2      | Reached XP level 4. HP: 28/28 MP: 4/4
  1199 | D:2      | Found a shadowy altar of Dithmenos.
  1201 | D:2      | Noticed Natasha
  1388 | D:2      | Killed Natasha
  1505 | D:2      | Noticed Natasha
  1510 | D:2      | Killed Natasha
  1510 | D:2      | Reached XP level 5. HP: 28/33 MP: 5/5
  1923 | D:3      | Found a shattered altar of Ashenzari.
  1941 | D:3      | Paralysed by a goblin for 5 turns
  2497 | D:3      | Noticed a centaur
  2505 | D:3      | Killed a centaur
  2505 | D:3      | Reached XP level 6. HP: 10/39 MP: 6/6
  3225 | D:3      | Noticed Robin
  3546 | D:4      | Found a sparkling altar of Nemelex Xobeh.
  3963 | D:3      | Killed Robin
  4047 | D:4      | Found a staircase to the Ecumenical Temple.
  4084 | Temple   | Entered the Ecumenical Temple
  4977 | D:5      | Entered Level 5 of the Dungeon
  4977 | D:5      | Noticed CasualChangeling's ghost (amateur MiFi)
  5144 | D:5      | Noticed Blork the orc
  5160 | D:5      | Slain by Blork the orc

Vault maps used:
D:1:      ncdulo_lavacross, palyth_stone_intersect
D:2:      chequers_temple_overflow_minitemple, nicolae_dithmenos_shadow_blocks,
          uniq_natasha
D:3:      kennysheep_goblin_castle, evilmike_ruin_ashenzari
D:4:      nemelex_xobeh_ov_fountains_minmay, minmay_temple_entry_large_hall
D:5:      nicolae_overflow_hidden_temple, first_ration,
          okawaru_metal_pillars_1_2, uniq_blork_the_orc
Temple:   jpeg_temple_alley_garden

Skill      XL: |  1  2  3  4  5 |
---------------+----------------+-----
Fighting       | 3 4 |  4.8
Armour         | 1 2 |  2.6
Maces & Flails | 4 |  4.9
Dodging        | 3 |  3.3
Throwing       | |  1.7

Action                   |  1- 3 |  4- 6 || total
-------------------------+-------+-------++-------
Melee: Flail             |    90 |   212 ||   302
       Unarmed           |       |     6 ||     6
  Use: Scroll            |       |     9 ||     9
       Potion            |       |     3 ||     3
 Stab: Sleeping          |     2 |     1 ||     3
  Eat: Chunk             |       |    12 ||    12
Armor: Leather armour    |    40 |    91 ||   131
       Skin              |       |     3 ||     3
Dodge: Dodged            |    74 |   187 ||   261

Table legend:
 A = Spawn XP
 B = Non-spawn XP
 C = Spawn XP percentage of total XP
 D = Spawn monster count
 E = Non-spawn monster count
 F = Spawn count percentage of total count
 G = Total turns spent on level
                    A         B        C        D         E        F      G
               +---------+---------+-------+---------+---------+-------+---------
         Total |       0 |     584 |   0.0 |       0 |      98 |   0.0 |  5160
               +---------+---------+-------+---------+---------+-------+---------
           D:1 |       0 |      41 |   0.0 |       0 |      21 |   0.0 |   600
           D:2 |       0 |     142 |   0.0 |       0 |      16 |   0.0 |  1174
           D:3 |       0 |     282 |   0.0 |       0 |      48 |   0.0 |  2227
           D:4 |       0 |      74 |   0.0 |       0 |      12 |   0.0 |   917
           D:5 |       0 |      45 |   0.0 |       0 |       1 |   0.0 |    31
               +---------+---------+-------+---------+---------+-------+---------
